 Dungeon Crawl Stone Soup version 0.28-a0-472-g50180c0d78 (webtiles) character file.

Game seed: 6006354951848294238

138 Dabor the Caller (level 5, 0/38 HPs)
             Began as a Hill Orc Summoner on Sept 15, 2021.
             Slain by a ball python (2 damage)
             ... on level 2 of the Dungeon.
             The game lasted 00:07:32 (2634 turns).

Dabor the Caller (Hill Orc Summoner)                Turns: 2634, Time: 00:07:32

Health: 0/38       AC:  2    Str: 11    XL:     5   Next: 21%
Magic:  4/8        EV: 11    Int: 16    God:
Gold:   50         SH:  3    Dex: 11    Spells: 7/8 levels left

rFire   . . .      SeeInvis .   (no weapon)
rCold   . . .      Faith    .   g - +0 buckler
rNeg    . . .      Spirit   .   a - +0 robe
rPois   .          Reflect  .   (no helmet)
rElec   .          Harm     .   (no cloak)
rCorr   .          Rampage  .   (no gloves)
Will    .....                   (no boots)
Stlth   ++........              (no amulet)
HPRegen 0.12/turn               (no ring)
MPRegen 0.11/turn               (no ring)

@: no status effects
A: no striking features
a: no special abilities


You were on level 2 of the Dungeon.
You visited 1 branch of the dungeon, and saw 2 of its levels.

You collected 50 gold pieces.

Inventory:

Armour
 a - a +0 robe (worn)
 g - a +0 buckler (worn)
Potions
 b - a potion of brilliance {unknown}
 d - a potion of might {unknown}
 f - a potion of flight {unknown}


   Skills:
 + Level 0.1 Fighting
 + Level 2.5 Dodging
 + Level 2.6 Stealth
 + Level 0.0 Shields
 + Level 2.3 Spellcasting
 + Level 4.6 Summonings


You had 7 spell levels left.
You knew the following spells:

 Your Spells              Type           Power      Damage    Failure   Level
a - Summon Small Mammal   Summ           64%        N/A       4%          1

Your spell library contained the following spells:

 Spells                   Type           Power      Damage    Failure   Level
 Call Imp                 Summ           16%        N/A       8%          2
 Call Canine Familiar     Summ           16%        N/A       16%         3
 Summon Guardian Golem    Hex/Summ       9%         N/A       36%         3
 Summon Lightning Spire   Summ/Air       9%         N/A       78%         4


Dungeon Overview and Level Annotations

Branches:
Dungeon (2/15)

Altars:

Annotations:
D:2 Natasha, Terence


Message History

Your quokka bites Natasha.
Your bat hits Natasha. Something hits your quokka.
Your quokka bites Natasha but does no damage.
Natasha claws your quokka.
Your quokka dies!
Your quokka's corpse disappears in a puff of smoke!
Natasha hisses angrily.
Your surroundings suddenly seem different.
A goblin, a kobold and Terence come into view.
Found a pair of boots.
The goblin shouts!
Terence shouts!
A kobold comes into view. It is wielding a +0 dagger.
The kobold shouts!
As you read the scroll labelled LOSCHU NA QOMM, it crumbles to dust.
It is a scroll of amnesia.
Really abort (and waste the scroll)? [Y]es or [N]o only, please.
Really abort (and waste the scroll)?
Okay, then.
A ball python comes into view.
Terence barely misses you.
Casting: Summon Small Mammal (safe; 4% risk of failure)
Confirm with . or Enter, or press ? or * to list all spells.
The ball python hisses angrily.
Terence hits you from afar with a +0 trident.
* * * LOW HITPOINT WARNING * * *
Your rat closely misses the goblin.
The goblin hits you with a +0 club.
* * * LOW HITPOINT WARNING * * *
Your rat barely misses the goblin.
The ball python bites you but does no damage.
The ball python grabs you. The ball python constricts you.
Your rat bites the goblin.
You escape the ball python's grasp.
The kobold hits your rat with a +0 dagger.
Your rat dies!
Your rat's corpse disappears in a puff of smoke!
A frilled lizard comes into view.
The ball python bites you.
You die...

#.# #.## .l.#
#..# #..# #..#
#..# #@.# #S.#
#@.# .# #.###..#
.## #.....K#...
.##.####K#.###.#
...............#
#.[......#.##..#
...#
#........#.....


You could see Terence, a ball python, 2 kobolds and a frilled lizard (asleep).

Vanquished Creatures
  A bat (D:1)
  2 endoplasms (D:1)
  A giant cockroach (D:1)
  A jackal (D:1)
  2 frilled lizards
  2 rats (D:1)
9 creatures vanquished.

Vanquished Creatures (collateral kills)
  A phantom (D:2)
  Natasha (D:2)
  2 ball pythons
  3 bats (D:1)
  5 goblins
  5 hobgoblins (D:1)
  3 jackals (D:1)
  2 kobolds (D:1)
  A quokka (D:2)
  2 frilled lizards
  3 rats
28 creatures vanquished.

Vanquished Creatures (others)
  14 plants (D:1)
14 creatures vanquished.

Grand Total: 51 creatures vanquished

Notes
Turn   | Place    | Note
-------+----------+-------------------------------------------
     0 | D:1      | Dabor the Hill Orc Summoner began the quest for the Orb.
     0 | D:1      | Reached XP level 1. HP: 14/14 MP: 3/3
   528 | D:1      | Reached XP level 2. HP: 20/20 MP: 2/4
  1240 | D:1      | Reached XP level 3. HP: 24/26 MP: 1/5
  1958 | D:2      | Noticed Natasha
  1975 | D:2      | Killed Natasha
  1976 | D:2      | Reached XP level 4. HP: 23/33 MP: 1/7
  2045 | D:2      | Noticed a phantom
  2126 | D:2      | Killed a phantom
  2127 | D:2      | Reached XP level 5. HP: 13/38 MP: 1/8
  2598 | D:2      | Noticed Natasha
  2623 | D:2      | Noticed Terence
  2627 | D:2      | HP: 1/38 [goblin (3)]
  2634 | D:2      | Slain by a ball python

Illustrated notes

Levels and vault maps discovered:
D:1:      onia_arrival_mini_maze, layout_basic, serial_forest,
          infiniplex_forest_end_double, infiniplex_forest_straight_2,
          infiniplex_forest_clump_medium, infiniplex_forest_lined_2,
          infiniplex_forest_straight_2, infiniplex_forest_clump_double,
          infiniplex_forest_clump_curved, feat_on_display
D:2:      layout_basic, shapermc_ecumenical_altar_flowoftime, uniq_natasha,
          uniq_terence

Skill      XL: |  1  2  3 |
---------------+----------+-----
Stealth        | 2 |  2.6
Dodging        | 2 |  2.5
Spellcasting   | 2 |  2.3
Fighting       | |  0.1
Summonings     | |  4.6

Action                   |  1- 3 |  4- 6 || total
-------------------------+-------+-------++-------
Melee: Unarmed           |    74 |     6 ||    80
 Cast: Summon Small Mamm |    50 |    30 ||    80
  Use: Scroll            |       |     2 ||     2
 Stab: Sleeping          |     1 |       ||     1
Armor: Robe              |    25 |     3 ||    28
Dodge: Dodged            |    52 |    11 ||    63

Table legend: (Time is in decaauts)
 A = Elapsed time spent in this place.
 B = Non-inter-level travel time spent in this place.
 C = Inter-level travel time spent in this place.
 D = Time resting spent in this place.
 E = Time spent auto-exploring this place.
 F = Levels seen in this place.
 G = Mean time per level.
                   A        B        C        D        E       F      G
               +--------+--------+--------+--------+--------+-----+--------+
         Total |   2633 |   2604 |     29 |    608 |   1257 |   2 | 1316.5 |
       Dungeon |   2633 |   2604 |     29 |    608 |   1257 |   2 | 1316.5 |
               +--------+--------+--------+--------+--------+-----+--------+

Top non-repeatable levels by time:
     D:1: 1875 daAuts
     D:2: 758 daAuts
